 Dungeon Crawl Stone Soup version 0.31.0-11-ge490571c62 (webtiles) character file.

Game seed: 9194282652673080550

79 ezpacito the Trooper (level 4, -13/35 HPs)
             Began as a Demonspawn Berserker on Jan 29, 2024.
             Was a Follower of Trog.
             Engulfed by a cloud of flame (19 damage)
             ... on level 2 of the Dungeon.
             The game lasted 00:02:11 (1414 turns).

ezpacito the Trooper (Demonspawn Berserker)         Turns: 1414, Time: 00:02:12

Health: -13/35     AC:  6    Str: 17    XL:     4   Next: 17%
Magic:  4/4        EV: 10    Int:  7    God:    Trog [*.....]
Gold:   135        SH:  0    Dex: 15    Spells: 3/3 levels left

rFire   . . .        a - +0 hand axe
rCold   . . .        (no shield)
rNeg    . . .        q - +0 scale mail
rPois   .            (helmet restricted)
rElec   .            (no cloak)
rCorr   .            (no gloves)
SInv    +            (no boots)
Will    .....        (no amulet) Stlth
                     f - ring of see invisible
HPRegen 0.25/turn    (no ring)
MPRegen 0.09/turn

%: no passive effects
@: brilliant
A: horns 2
a: Renounce Religion, Berserk


You were on level 2 of the Dungeon.
You worshipped Trog.
Trog was aware of your devotion.
You visited 1 branch of the dungeon, and saw 2 of its levels.

You collected 135 gold pieces.

Inventory:

Hand Weapons
 a - a +0 hand axe (weapon)
 b - a +1 dagger of freezing
 i - a +0 sling
Missiles
 o - 3 datura-tipped darts (quivered)
Armour
 q - a +0 scale mail (worn)
Jewellery
 f - a ring of see invisible (left hand)
Scrolls
 e - a scroll of silence {unknown}
 g - a scroll of immolation {unknown}
 h - a scroll of poison {unknown}
 k - a scroll of fog {unknown}
 m - 3 scrolls of torment {unknown}
 n - a scroll of blinking {unknown}
 p - a scroll of fear {unknown}
Potions
 d - a potion of might {unknown}
 j - a potion of brilliance
 l - a potion of haste {unknown}


   Skills:
 * Level 3.4 Fighting
 * Level 3.4 Axes
 * Level 2.0 Armour
 * Level 2.3 Dodging
 * Level 1.1 Stealth
 * Level 0.5 Unarmed Combat


You had 3 spell levels left.
You didn't know any spells.
Your spell library was empty.

Dungeon Overview and Level Annotations

Branches:
Dungeon (2/15)

Altars:

Shops:
D:1 *


Innate Abilities, Weirdness & Mutations

You have a pair of horns on your head.


Message History

A kobold comes into view. It is wielding a +0 short sword.
The kobold shouts!
The kobold hits you but does no damage.
You barely miss the kobold. The kobold closely misses you.
You barely miss the kobold. Your headbutt misses the kobold.
The kobold hits you but does no damage.
You hit the kobold.
You kill the kobold!
Trog accepts your kill.
You now have enough gold to buy a scroll of enchant weapon on D:1.
You can access your shopping list by pressing '$'.
You now have 135 gold pieces (gained 31).
Things that are here:
a +0 short sword; a kobold corpse
Things that are here:
a +0 short sword; a kobold corpse You start resting.
HP restored.
Okay, then.
You start waiting.
Done waiting.
You start waiting.
Done waiting.
You start waiting.
Done waiting.
You start waiting.
Done waiting.
A dart slug comes into view.
A dart slug is nearby!
Okay, then.
You are engulfed in blazing flames.
You are engulfed in blazing flames.
Ouch! That really hurt!
* * * LOW HITPOINT WARNING * * *
Okay, then.
It was a potion of brilliance.
You feel clever all of a sudden.
You are engulfed in blazing flames.
Ouch! That really hurt!
You die...

########## #........##
#)#####...# #.# #§§§#
#.# #@○○# ##########.#
#§○§#
...........#####...#
#.#.#...<#..°○☼.....§
#.#......#...☼§.....§○
...##...##..°○☼!....☼§§.
..†....###.#####...#####
...##### #.# #§§.# #.##
#.# ○○§#


There were no monsters in sight!

Vanquished Creatures
  Terence (D:2)
  3 adders (D:2)
  A dart slug (D:1)
  2 endoplasms
  2 giant cockroaches
  2 goblins
  3 jackals (D:2)
  3 quokkas
  3 ball pythons
  4 bats
  A frilled lizard (D:1)
  A kobold (D:2)
  A rat (D:1)
27 creatures vanquished.

Vanquished Creatures (others)
  An endoplasm (D:2)
1 creature vanquished.

Grand Total: 28 creatures vanquished

Notes
Turn   | Place    | Note
-------+----------+-------------------------------------------
     0 | D:1      | ezpacito the Demonspawn Berserker began the quest for the
                  | Orb.
     0 | D:1      | Reached XP level 1. HP: 18/18 MP: 1/1
    14 | D:1      | Found Wuocriac's General Store.
   222 | D:1      | Gained mutation: You have a pair of small horns on your
                  | head. [demonic ancestry]
   222 | D:1      | Reached XP level 2. HP: 17/24 MP: 2/2
   636 | D:2      | Gained mutation: You have a pair of horns on your head.
                  | [demonic ancestry]
   636 | D:2      | Reached XP level 3. HP: 29/29 MP: 3/3
   754 | D:2      | Noticed Terence
   764 | D:2      | Killed Terence
   765 | D:2      | Reached skill level 1 in Stealth
   888 | D:2      | Reached XP level 4. HP: 35/35 MP: 4/4
  1414 | D:2      | Engulfed by a cloud of flame

Illustrated notes

Levels and vault maps discovered:
D:1:      ncdulo_watergridlock, layout_rooms, serial_shops,
          nicolae_shop_gibbet_a_chance, minmay_misc_feat_columns,
          chequers_serial_rivers_micro_a
D:2:      layout_loops_ring, hellmonk_ecumenical_altar_inner_sanctum,
          lemuel_flame_loot_1, uniq_terence

Skill      XL: |  1  2  3 |
---------------+----------+-----
Dodging        | 2 |  2.3
Axes           | 3 |  3.4
Stealth        | 1 |  1.1
Armour         | 2 |  2.0
Fighting       | |  3.4
Unarmed Combat | |  0.5

Action                     |  1- 3 |  4- 6 || total
---------------------------+-------+-------++-------
  Melee: Hand axe          |    79 |    15 ||    94
         Headbutt          |     8 |     2 ||    10
         Punch             |     1 |       ||     1
 Invoke: Berserk           |     2 |       ||     2
    Use: Potion            |       |     1 ||     1
 Armour: Leather armour    |    44 |       ||    44
         Scale mail        |     5 |    15 ||    20
  Dodge: Dodged            |    65 |     8 ||    73
